 Dungeon Crawl Stone Soup version 0.26-b1-32-g5d43845318 (webtiles) character file.

Game seed: 2577222539675716334

664 Inarius the Chopper (level 7, -1/60 HPs)
             Began as a Hill Orc Fighter on Jan 10, 2021.
             Was an Initiate of Nemelex Xobeh.
             Slain by Prince Ribbit (11 damage)
             ... on level 4 of the Dungeon.
             The game lasted 00:05:40 (5355 turns).

Inarius the Chopper (Hill Orc Fighter)              Turns: 5355, Time: 00:05:40

Health: -1/60      AC:  8    Str: 21    XL:     7   Next: 57%
Magic:  8/8        EV:  5    Int:  8    God:    Nemelex Xobeh [......]
Gold:   182        SH: 19    Dex: 10    Spells: 6/6 levels left

rFire    . . .     SeeInvis .   a - +0 war axe
rCold    . . .     Faith    .   j - +0 tower shield
rNeg     . . .     Spirit   .   b - +0 scale mail
rPois    +         Reflect  +   e - +0 helmet
rElec    .         Harm     .   (no cloak)
rCorr    .         Rampage  .   (no gloves)
Will     +....                  (no boots)
Stlth    ..........             l - amulet of reflection
HPRegen  0.20/turn              c - ring of willpower
MPRegen  0.11/turn              f - ring of poison resistance

@: brilliant, very slightly contaminated, invisible
A: no striking features
a: Renounce Religion, Draw Escape, Draw Destruction, Draw Summoning


You were on level 4 of the Dungeon.
You worshipped Nemelex Xobeh.
Nemelex Xobeh was noncommittal.
You visited 2 branches of the dungeon, and saw 6 of its levels.

You collected 182 gold pieces.

Inventory:

Hand Weapons
 a - a +0 war axe (weapon)
 o - a +1 antimagic spear
Armour
 b - a +0 scale mail (worn)
 e - a +0 helmet (worn)
 j - a +0 tower shield (worn)
Jewellery
 c - a ring of willpower (left hand)
 f - a ring of poison resistance (right hand)
 l - an amulet of reflection (around neck)
Scrolls
 g - a scroll of identify
 h - 3 scrolls of teleportation
 k - a scroll of blinking
Potions
 i - a potion of attraction {unknown}
 p - a potion of brilliance
 r - a potion of lignification {unknown}
 s - a potion of heal wounds {unknown}
 t - a potion of flight {unknown}


   Skills:
 + Level 4.7 Fighting
 * Level 7.9 Axes
 + Level 4.6 Armour
 + Level 5.0 Shields
 * Level 2.0 Invocations


You had 6 spell levels left.
You didn't know any spells.
Your spell library was empty.

Dungeon Overview and Level Annotations

Branches:
Dungeon (5/15)             Temple (1/1) D:4

Altars:
Ashenzari
Cheibriados
Dithmenos
Elyvilon
Fedhas
Gozag
Hepliaklqana
Kikubaaqudgha
Makhleb
Nemelex Xobeh
Okawaru
Qazlal
Ru
Sif Muna
Trog
Uskayaw
Vehumet
Wu Jian
The Shining One

Annotations:
D:4 Prince Ribbit
D:5 Grinder, Pikel


Message History

Prince Ribbit croaks regally.
You block Prince Ribbit's attack.
You feel better. You block Prince Ribbit's attack. Prince Ribbit hits you!
* * * LOW HITPOINT WARNING * * *
The phantom blinks!
You block Prince Ribbit's attack.
It was a potion of brilliance.
You feel clever all of a sudden. You block Prince Ribbit's attack.
Prince Ribbit lets out a mournful croak.
Prince Ribbit hits you but does no damage.
It was a potion of invisibility.
You fade into invisibility!
You block Prince Ribbit's attack.
You are very lightly contaminated with residual magic.
You block Prince Ribbit's attack. You block Prince Ribbit's attack.
Prince Ribbit hits you!
You die...
Your body disappears without a glow.

##########
#......... ###
#.##..#.## #<#
#.##.##.# #.#
#.##.##.# #.#
#.##.##.# #@#
#.##.##.#
#F#######.##.##.#
#.....W...##.##.#
#########.##.##.##
#................
#W........#.##.##
#.†#####....##.##
#............#.##
#.#####.)....♣.♣#


You could see Prince Ribbit.

Vanquished Creatures
  3 lemures (D:4)
  2 howler monkeys (D:4)
  A hound (D:4)
  2 orc wizards (D:3)
  2 orc priests
  A gnoll shaman (D:4)
  A bullfrog skeleton (D:5)
  Terence (D:3)
  5 worker ants
  2 hound skeletons
  4 gnolls
  5 adders
  An adder skeleton (D:4)
  4 worms
  A dart slug (D:1)
  3 leopard geckos
  14 orcs
  2 giant cockroaches
  10 goblins
  8 hobgoblins
  14 jackals
  A quokka (D:3)
  2 ball pythons
  3 bats
  7 frilled lizards
  8 kobolds
  A leopard gecko skeleton (D:4)
  4 rats
112 creatures vanquished.

Notes
Turn   | Place    | Note
-------+----------+-------------------------------------------
     0 | D:1      | Inarius the Hill Orc Fighter began the quest for the Orb.
     0 | D:1      | Reached XP level 1. HP: 19/19 MP: 1/1
    22 | D:1      | Reached skill level 3 in Axes
    22 | D:1      | Reached XP level 2. HP: 16/27 MP: 2/2
   401 | D:1      | Reached XP level 3. HP: 33/33 MP: 3/3
  1014 | D:2      | Reached skill level 4 in Axes
  1014 | D:2      | Reached XP level 4. HP: 40/40 MP: 4/4
  2132 | D:3      | Reached XP level 5. HP: 46/46 MP: 5/5
  2192 | D:3      | Reached skill level 5 in Axes
  2197 | D:3      | Noticed Terence
  2204 | D:3      | Killed Terence
  2647 | D:3      | Reached XP level 6. HP: 48/53 MP: 6/6
  2832 | D:4      | Reached skill level 6 in Axes
  3302 | D:4      | Found a staircase to the Ecumenical Temple.
  3310 | Temple   | Entered the Ecumenical Temple
  3628 | Temple   | Became a worshipper of Nemelex Xobeh the Trickster
  4092 | D:4      | Reached skill level 7 in Axes
  4346 | D:4      | Reached skill level 1 in Invocations
  4346 | D:4      | Reached XP level 7. HP: 60/60 MP: 7/7
  4593 | D:5      | Entered Level 5 of the Dungeon
  4671 | D:5      | Noticed Pikel
  5193 | D:5      | Noticed Grinder
  5245 | D:5      | Found a hazy altar of Hepliaklqana.
  5311 | D:5      | Noticed Prince Ribbit
  5339 | D:4      | Reached skill level 5 in Shields
  5355 | D:4      | Slain by Prince Ribbit

Illustrated notes

Levels and vault maps discovered:
D:1:      dpeg_arrival_shelter, layout_basic, serial_glass, glass_columns_a,
          glass_columns_c, glass_columns_a, glass_columns_b, glass_columns_a,
          glass_columns_a
D:2:      layout_loops_corners
D:3:      layout_rooms, serial_glass, glass_columns_a, glass_columns_b,
          uniq_terence
D:4:      layout_basic, minmay_temple_entry_junction, serial_forest,
          infiniplex_forest_clump_long, infiniplex_forest_lined_corner,
          infiniplex_forest_lined_room_3, infiniplex_forest_fountain,
          infiniplex_forest_fountain, infiniplex_forest_lined_4_way,
          infiniplex_forest_clump_small, infiniplex_forest_straight_2
D:5:      minmay_spotlight, layout_layer_cave, grunt_temple_overflow_open,
          uniq_prince_ribbit1, uniq_pikel, uniq_grinder
Temple:   hc_temple_tempest_star

Skill      XL: |  1  2  3  4  5  6  7 |
---------------+----------------------+-----
Axes           | 3 4 5 7 |  7.9
Fighting       | 4 |  4.7
Shields        | 4 5 |  5.0
Armour         | 4 |  4.6
Invocations    | 1 2 |  2.0

Action                   |  1- 3 |  4- 6 |  7- 9 || total
-------------------------+-------+-------+-------++-------
Melee: War axe           |    80 |   219 |    97 ||   396
  Use: Scroll            |       |     3 |     2 ||     5
       Potion            |       |     1 |     4 ||     5
Armor: Scale mail        |    52 |    91 |    45 ||   188
Dodge: Dodged            |    18 |    35 |    22 ||    75
Block: Kite shield       |    20 |       |       ||    20
       Tower shield      |    51 |   203 |   119 ||   373
